 Dungeon Sprint DCSS version 0.21-a0-221-gfe971b9 (webtiles) character file.

44521 potatolord6000 the End of an Era (level 13, -12/136 HPs)
             Began as a Deep Dwarf Fighter on Aug 25, 2017.
             Was the Champion of Qazlal.
             Killed from afar by a lich (39 damage)
             ... with an iron shot
             ... in the Dungeon (Sprint VII: "The Pits").
             The game lasted 00:13:09 (1668 turns).

potatolord6000 the End of an Era (DDFi)             Turns: 1668, Time: 00:13:10

Health: -12/136    AC: 31    Str: 24    XL:     13   Next: 96%
Magic:  5/33       EV:  9    Int: 15    God:    Qazlal [******]
Gold:   38         SH: 23    Dex: 16    Spells: 38/38 levels left

rFire    + . .     SeeInvis .   g - +5 broad axe
rCold    . . .     Gourm    .   c - +0 shield
rNeg     . . .     Faith    .   s - +6 chain mail
rPois    .         Spirit   .   d - +3 hat of Pondering {ponderous, MR+ MP+10 Int+5}
rElec    .         Reflect  .   D - +1 cloak
rCorr    .         Harm     .   y - +1 pair of gloves
MR       ++...     NoTele   +   C - +1 pair of boots
Stlth    +.........             (no amulet)
HPRegen  0.00/turn              b - +3 ring of dexterity
MPRegen  0.23/turn              h - +3 ring of dexterity

@: lethally poisoned (-12 -> -12), protected from fire, non-regenerating, repel
missiles, slow
A: damage resistance, heal wounds, clumsy 1, low mp 1, sense surroundings 2, no
regeneration
a: Heal Wounds, Upheaval, Elemental Force, Disaster Area, Renounce Religion


You were in the Dungeon.
You worshipped Qazlal.
Qazlal was exalted by your worship.
You were not hungry.

You visited 1 branch You collected 38 gold pieces.

Inventory:

Hand Weapons
 g - a +5 broad axe (weapon)
Armour
 c - a +0 shield (worn)
 d - the +3 hat of Pondering (worn) {ponderous, MR+ MP+10 Int+5}
   (You took it off Gastronok in the Dungeon)

   It affects your intelligence (+5).
   It affects your resistance to hostile enchantments.
   It affects your magic capacity (+10).
 s - a +6 chain mail (worn)
 y - a +1 pair of gloves (worn)
 C - a +1 pair of boots (worn)
 D - a +1 cloak (worn)
Jewellery
 b - a +3 ring of dexterity (left hand)
 h - a +3 ring of dexterity (right hand)
Scrolls
 k - 2 scrolls of blinking
 m - 4 scrolls of remove curse
 n - 5 scrolls of amnesia
 o - a scroll of summoning
 t - a scroll of identify
 u - a scroll of magic mapping
 v - a scroll of recharging
 w - 3 scrolls of fog
Potions
 e - 10 potions of curing
 i - 2 potions of magic
 j - 2 potions of berserk rage
 l - a potion of invisibility
 x - 2 potions of brilliance
 z - a potion of haste
 A - 3 potions of resistance
 B - a potion of might
Comestibles
 f - 8 bread rations
 p - 40 fruits
 q - 6 meat rations


   Skills:
 + Level 14.7 Fighting
 + Level 9.4(9.6) Axes
   Level 2.2(5.4) Polearms
 + Level 17.2 Armour
 - Level 0.2 Dodging
 - Level 17.1 Stealth
 + Level 17.1 Shields
 + Level 13.4 Spellcasting
 + Level 19.0 Invocations


You had 38 spell levels left.
You didn't know any spells.

Dungeon Overview and Level Annotations

Branches:
Dungeon (1/1)

Altars:
Ashenzari
Cheibriados
Dithmenos
Elyvilon
Fedhas
Gozag
Hepliaklqana
Kikubaaqudgha
Makhleb
Nemelex Xobeh
Okawaru
Qazlal
Ru
Sif Muna
Trog
Uskayaw
Vehumet
Wu Jian
Xom
Yredelemnul
Zin
The Shining One
Beogh
Jiyva
Lugonu


Innate Abilities, Weirdness & Mutations

You are resistant to damage.
You can heal yourself by infusing magical energy.
You passively map the area around you.
You do not regenerate.
You are clumsy. (Dex -2)
Your magical capacity is low. (-10% MP)


Message History

The lich is heavily damaged.
You hit Frances but do no damage. You slash the soul eater!
Frances is struck by lightning.
You kill Frances!
Qazlal accepts your kill.
The soul eater disappears in a puff of smoke!
Your Invocations skill increases to level 19!
The lich touches you.
The sphinx is engulfed in freezing vapours.
The orc warrior moves out of view.
The lich gestures at you while chanting.
The bolt of fire hits you!
Your resistance to physical damage fades away.
You feel protected from fire.
* * * LOW HITPOINT WARNING * * *
You hear some strange, mumbled words.
An iron shot appears from out of thin air!
Deactivating autopickup; reactivate with Ctrl-A.
The iron shot hits you!
You die...

[÷..##++##[.#[[#..#
)...#....#.....#..#
).###....####..#..#
([[.........+..#..#
.........####..#..#
.÷.####..#.....#..#
...#((#..#[[#[/#§§#
..##((+..#[[#[[#.§#
################@§#
* *#L§# , , **


oqH1# , * * od)≈# , , #OOo.# , ,, , o).≈.# ,, ,oe....# * .h.#...# , ,, , * , You
could see a purple draconian monk, 2 orc warlords, a yellow draconian, a sphinx,
a lich, a deep elf annihilator, an Executioner, a warg, 2 orc warriors and 2
ogres.

Vanquished Creatures
  2 liches (D)
  Gastronok (D)
  Frances (D)
  A daeva (D)
  2 nagarajas (D)
  A ghost moth (D)
  2 orc warlords (D)
  A draconian shifter (D)
  A deep elf demonologist (D)
  A black draconian (D)
  A purple draconian (D)
  Snorg (D)
  A mummy priest (D)
  2 great orbs of eyes (D)
  A naga warrior (D)
  4 vault guards (D)
  2 death yaks (D)
  4 deep elf knights (D)
  A sixfirhy (D)
  A deep troll (D)
  2 sea snakes (D)
  A wizard (D)
  9 orc knights (D)
  A phantasmal warrior (D)
  A guardian serpent (D)
  4 elephants (D)
  Psyche (D)
  A gargoyle (D)
  2 yaktaurs (D)
  An efreet (D)
  A hellwing (D)
  2 guardian mummies (D)
  An ice devil (D)
  3 hornets (D)
  A merfolk (D)
  A tyrant leech (D)
  A hippogriff (D)
  A spriggan (D)
  A water elemental (D)
  A shadow (D)
  Eustachio (D)
  2 wraiths (D)
  A fire bat (D)
  4 vampire mosquitoes (D)
  A neqoxec (D)
  3 wargs (D)
  A soldier ant (D)
  A swamp drake (D)
  A sky beast (D)
  An ice beast (D)
  2 orc warriors (D)
  A necrophage (D)
  A centaur (D)
  3 ogres (D)
  8 wolves (D)
  A bullfrog (D)
  2 gnoll sergeants (D)
  A small abomination (D)
  A gnoll shaman (D)
  A worker ant (D)
  14 gnolls (D)
  An adder (D)
  A white imp (D)
  An ufetubus (D)
  An ooze (D)
  A worm (D)
  A quokka (D)
  2 bats (D)
  2 frilled lizards (D)
  A giant cockroach zombie (D)
  A kobold (D)
  A rat (D)
131 creatures vanquished.

Vanquished Creatures (collateral kills)
  A spriggan druid (D)
1 creature vanquished.

Grand Total: 132 creatures vanquished

Notes
Turn   | Place    | Note
-------+----------+-------------------------------------------
     0 | D        | potatolord6000 the Deep Dwarf Fighter began the quest for the Orb.
     0 | D        | Reached XP level 1. HP: 20/20 MP: 1/1
    32 | D        | Reached XP level 2. HP: 16/28 MP: 2/2
    72 | D        | Found a bloodstained altar of Trog.
    72 | D        | Found a deep blue altar of Sif Muna.
    72 | D        | Found a viscous altar of Jiyva.
    72 | D        | Found a hazy altar of Hepliaklqana.
    72 | D        | Found an opulent altar of Gozag.
    73 | D        | Found a glowing golden altar of the Shining One.
    73 | D        | Found a glowing silver altar of Zin.
    73 | D        | Found a basalt altar of Yredelemnul.
    73 | D        | Found a shimmering altar of Xom.
    73 | D        | Found an ornate altar of the Wu Jian Council.
    73 | D        | Found a sacrificial altar of Ru.
    73 | D        | Found a stormy altar of Qazlal.
    73 | D        | Found an iron altar of Okawaru.
    73 | D        | Found a sparkling altar of Nemelex Xobeh.
    73 | D        | Found a burning altar of Makhleb.
    73 | D        | Found a blossoming altar of Fedhas.
    73 | D        | Found a white marble altar of Elyvilon.
    73 | D        | Found a shadowy altar of Dithmenos.
    73 | D        | Found a snail-covered altar of Cheibriados.
    76 | D        | Found a corrupted altar of Lugonu.
    76 | D        | Found a radiant altar of Vehumet.
    76 | D        | Found a roughly hewn altar of Beogh.
    77 | D        | Found an ancient bone altar of Kikubaaqudgha.
    77 | D        | Found a hide-covered altar of Uskayaw.
    77 | D        | Found a shattered altar of Ashenzari.
    80 | D        | Became a worshipper of Qazlal Stormbringer
   112 | D        | Reached skill level 1 in Stealth
   117 | D        | Noticed a centaur
   120 | D        | Reached * piety under Qazlal
   121 | D        | Reached skill level 1 in Spellcasting
   123 | D        | Killed a centaur
   123 | D        | Reached ** piety under Qazlal
   123 | D        | Reached skill level 5 in Armour
   123 | D        | Reached skill level 5 in Shields
   123 | D        | Reached XP level 3. HP: 30/37 MP: 2/6
   123 | D        | Reached XP level 4. HP: 36/45 MP: 2/7
   204 | D        | Noticed a warg
   204 | D        | Noticed an ogre
   206 | D        | Noticed a sky beast
   207 | D        | Noticed a warg
   212 | D        | Killed a warg
   212 | D        | Reached skill level 5 in Fighting
   212 | D        | Reached skill level 5 in Stealth
   212 | D        | Reached skill level 3 in Invocations
   212 | D        | Reached XP level 5. HP: 52/52 MP: 7/10
   214 | D        | Reached skill level 4 in Invocations
   218 | D        | Reached *** piety under Qazlal
   221 | D        | Killed an ogre
   221 | D        | Reached skill level 5 in Invocations
   221 | D        | Reached XP level 6. HP: 58/62 MP: 8/12
   229 | D        | Reached **** piety under Qazlal
   233 | D        | Killed a sky beast
   237 | D        | Killed a warg
   237 | D        | Reached skill level 5 in Spellcasting
   237 | D        | Reached skill level 6 in Invocations
   237 | D        | Reached XP level 7. HP: 35/70 MP: 10/14
   376 | D        | Noticed an efreet
   381 | D        | Killed an efreet
   381 | D        | Reached skill level 7 in Invocations
   384 | D        | Noticed a fire bat
   405 | D        | Reached ***** piety under Qazlal
   409 | D        | Reached XP level 8. HP: 72/80 MP: 16/16
   415 | D        | Reached skill level 8 in Invocations
   451 | D        | Reached skill level 10 in Stealth
   451 | D        | Reached skill level 9 in Invocations
   586 | D        | Noticed a death yak
   606 | D        | Killed a death yak
   606 | D        | Reached skill level 10 in Armour
   606 | D        | Reached skill level 10 in Shields
   606 | D        | Reached skill level 10 in Invocations
   606 | D        | Gained mutation: You passively map the area around you. [Deep Dwarf growth]
   606 | D        | Reached XP level 9. HP: 52/90 MP: 8/18
   788 | D        | Noticed a great orb of eyes
   788 | D        | Noticed a phantasmal warrior
   788 | D        | Noticed a sea snake
   788 | D        | Noticed a hellwing
   791 | D        | Killed a phantasmal warrior
   791 | D        | Killed a hellwing
   797 | D        | Noticed a merfolk
   798 | D        | Killed a great orb of eyes
   798 | D        | Reached skill level 11 in Invocations
   802 | D        | Killed a sea snake
   802 | D        | Reached XP level 10. HP: 61/100 MP: 5/21
   814 | D        | Reached ****** piety under Qazlal
   814 | D        | Reached skill level 12 in Invocations
   823 | D        | Noticed Gastronok
   826 | D        | Noticed Eustachio
   826 | D        | Noticed an elephant
   828 | D        | Noticed a deep troll
   828 | D        | Reached skill level 10 in Fighting
   831 | D        | Killed a deep troll
   835 | D        | Killed an elephant
   839 | D        | Noticed a death yak
   848 | D        | Killed Eustachio
   855 | D        | Killed a death yak
   855 | D        | Reached skill level 13 in Invocations
   856 | D        | Noticed an elephant
   856 | D        | Noticed a great orb of eyes
   856 | D        | Killed Gastronok
   856 | D        | Reached XP level 11. HP: 81/111 MP: 7/23
   861 | D        | Noticed a sea snake
   863 | D        | Paralysed by a great orb of eyes for 2 turns
   868 | D        | Killed a great orb of eyes
   868 | D        | Reached skill level 10 in Spellcasting
   868 | D        | Reached skill level 14 in Invocations
   869 | D        | Killed a sea snake
   949 | D        | Noticed Snorg
   951 | D        | Reached skill level 15 in Stealth
   953 | D        | Killed Snorg
  1220 | D        | Noticed Psyche
  1220 | D        | Noticed a spriggan rider
  1225 | D        | Killed Psyche
  1255 | D        | Reached skill level 15 in Invocations
  1277 | D        | Noticed a purple draconian
  1289 | D        | Reached XP level 12. HP: 93/122 MP: 24/24
  1298 | D        | Killed a purple draconian
  1307 | D        | Noticed a daeva
  1310 | D        | Noticed an orc warlord
  1312 | D        | Noticed an orc warlord
  1313 | D        | Killed an orc warlord
  1313 | D        | Killed an orc warlord
  1313 | D        | Reached skill level 16 in Invocations
  1316 | D        | Killed a daeva
  1317 | D        | Reached skill level 15 in Armour
  1317 | D        | Reached skill level 15 in Shields
  1321 | D        | Noticed a vault guard
  1325 | D        | Noticed a vault guard
  1325 | D        | Noticed a vault guard
  1326 | D        | Noticed a vault guard
  1329 | D        | Killed a vault guard
  1329 | D        | Reached skill level 1 in Axes
  1330 | D        | Noticed a naga warrior
  1331 | D        | Noticed a nagaraja
  1331 | D        | Killed a vault guard
  1331 | D        | Reached skill level 17 in Invocations
  1331 | D        | Reached XP level 13. HP: 132/133 MP: 6/26
  1343 | D        | Noticed a mummy priest
  1344 | D        | Noticed a jiangshi
  1350 | D        | Noticed a jiangshi
  1350 | D        | Noticed a jiangshi
  1352 | D        | Killed a nagaraja
  1352 | D        | Reached skill level 5 in Axes
  1352 | D        | Killed a mummy priest
  1401 | D        | Found the +2 ratskin cloak {+Rats rPois rN+ Str-1 Int-1 Dex+1}
  1649 | D        | Gained mutation: You are clumsy. (Dex -2) [a neqoxec]
  1650 | D        | Noticed a lich
  1650 | D        | Noticed a lich
  1650 | D        | Noticed a lich
  1650 | D        | Noticed a nagaraja
  1650 | D        | Gained mutation: Your magical capacity is low. (-10% MP) [a neqoxec]
  1653 | D        | Noticed a white draconian shifter
  1654 | D        | Killed a lich
  1654 | D        | Reached skill level 18 in Invocations
  1655 | D        | Noticed a deep elf demonologist
  1656 | D        | Noticed a black draconian
  1657 | D        | Noticed Frances
  1657 | D        | Killed a lich
  1658 | D        | Killed a deep elf demonologist
  1658 | D        | Killed a black draconian
  1658 | D        | Killed a ghost moth
  1662 | D        | Noticed a yellow draconian
  1663 | D        | Noticed a lich
  1663 | D        | Noticed an orc warlord
  1663 | D        | Killed a white draconian shifter
  1664 | D        | Noticed a sphinx
  1664 | D        | Killed a nagaraja
  1665 | D        | Noticed an Executioner
  1665 | D        | Noticed an orc warlord
  1667 | D        | Noticed a deep elf annihilator
  1667 | D        | Noticed a purple draconian monk
  1668 | D        | Killed Frances
  1668 | D        | Reached skill level 19 in Invocations
  1668 | D        | Killed from afar by a lich

Vault maps used:
D:        pitsprint

Skill      XL: |  1  2  3  4  5  6  7  8  9 10 11 12 13 |
---------------+----------------------------------------+-----
Fighting       | 3 4 5 6 7 8 9 11 12 13 14 | 14.7
Polearms       | 2 |  2.2
Armour         | 4 5 6 7 8 10 11 12 14 15 17 | 17.2
Shields        | 4 5 6 7 8 10 11 12 14 15 17 | 17.1
Stealth        | 4 5 6 8 9 10 12 14 15 17 | 17.1
Spellcasting   | 2 3 4 5 7 8 9 10 12 13 | 13.4
Invocations    | 3 5 6 7 10 11 13 15 17 19 | 19.0
Axes           | 3 9 |  9.4
Dodging        | |  0.2

Action                   |  1- 3 |  4- 6 |  7- 9 | 10-12 | 13-15 || total
-------------------------+-------+-------+-------+-------+-------++-------
Melee: Trident           |    12 |       |       |       |       ||    12
       Hand axe          |    12 |    25 |    68 |       |       ||   105
       War axe           |       |       |    25 |   123 |    34 ||   182
       Broad axe         |       |       |       |       |    17 ||    17
Invok: Upheaval          |       |       |     6 |    16 |     4 ||    26
       Disaster Area     |       |       |     1 |     2 |     2 ||     5
       Elemental Force   |       |       |       |     1 |       ||     1
 Abil: Heal Wounds       |     1 |     2 |     4 |     3 |     2 ||    12
  Use: Potion            |     1 |     3 |     6 |    10 |     4 ||    24
       Scroll            |       |       |       |     4 |       ||     4
 Stab: Invisible         |       |     3 |       |       |       ||     3
       Confused          |       |       |       |     2 |       ||     2
  Eat: Meat ration       |       |       |       |     1 |       ||     1
Armor: Scale mail        |    16 |       |       |       |       ||    16
       Chain mail        |       |    19 |    46 |    64 |    31 ||   160
Dodge: Dodged            |     8 |     5 |    23 |    34 |     6 ||    76
       Deflected         |       |       |       |       |     1 ||     1
Block: Shield            |    19 |    27 |    95 |   190 |    72 ||   403

Table legend:
 A = Spawn XP
 B = Non-spawn XP
 C = Spawn XP percentage of total XP
 D = Spawn monster count
 E = Non-spawn monster count
 F = Spawn count percentage of total count
 G = Total turns spent on level
                    A         B        C        D         E        F      G
               +---------+---------+-------+---------+---------+-------+---------
         Total |       0 |   63602 |   0.0 |       0 |     132 |   0.0 |  1668
               +---------+---------+-------+---------+---------+-------+---------
             D |       0 |   63602 |   0.0 |       0 |     132 |   0.0 |  1668
               +---------+---------+-------+---------+---------+-------+---------
